 Dungeon Crawl Stone Soup version 0.27.1-33-g824d729ab1 (webtiles) character file.

Game seed: 4446014650339575702

9340 Kinoniko the Carver (level 11, -5/120 HPs)
             Began as a Demonspawn Berserker on Dec 14, 2021.
             Was a High Priest of Trog.
             Succumbed to Sonja's poison
             ... on level 10 of the Dungeon.
             The game lasted 00:11:54 (9661 turns).

Kinoniko the Carver (Demonspawn Berserker)          Turns: 9661, Time: 00:11:55

Health: -5/120     AC: 32    Str: 20    XL:     11   Next: 21%
Magic:  9/11       EV:  2    Int:  9    God:    Trog [*****.]
Gold:   459        SH: 20    Dex: 19    Spells: 10/10 levels left

rFire    . . .     SeeInvis .   u - +2 long sword
rCold    . . .     Faith    .   K - +4 kite shield {AC+3}
rNeg     + + +     Spirit   +   (armour currently unavailable)
rPois    +         Reflect  .   (helmet currently unavailable)
rElec    .         Harm     .   (cloak currently unavailable)
rCorr    .         Rampage  .   (gloves currently unavailable)
Will     .....     NoTele   +   (boots currently unavailable)
Stlth    ++........             v - amulet of guardian spirit
HPRegen  0.30/turn              l - +6 ring of dexterity
MPRegen  0.12/turn              G - +4 ring of protection

@: lethally poisoned (-5 -> -35), tree-form
A: stationary, stasis, torment immunity, boosted hp, (talons 1), (large bone
plates 2), demonic guardian 1, condensation shield
a: Renounce Religion, Berserk, Trog's Hand, Brothers in Arms


You were on level 10 of the Dungeon.
You worshipped Trog.
Trog was extremely pleased with you.
You were a tree.
You visited 1 branch of the dungeon, and saw 10 of its levels.
You also visited: Ossuary.

You collected 582 gold pieces.
You spent 123 gold pieces at shops.

Inventory:

Hand Weapons
 a - a +0 falchion of draining
 u - a +2 long sword (weapon)
 w - the +4 short sword "Sateuhet" {flame, rPois Dex+6}
   (Trog gifted it to you on level 9 of the Dungeon)

   It burns those it strikes, dealing additional fire damage.
   Dex:       It affects your dexterity (+6).
   rPois:     It protects you from poison.
Missiles
 L - 3 throwing nets (quivered)
Armour
 f - the +10 chain mail of Free Will (melded) {+Blink Str+5}
   (You acquired it on level 2 of the Dungeon)

   Str:       It affects your strength (+5).
   +Blink:    It lets you blink.
 h - a +2 hat (melded)
 n - a +2 cloak of willpower (melded)
 t - a +0 buckler
 J - a +2 pair of boots (melded)
 K - a +4 kite shield of protection (worn)
Jewellery
 l - a +6 ring of dexterity (left branch)
 v - an amulet of guardian spirit (around neck)
 G - a +4 ring of protection (right branch)
 M - a ring of ice
Wands
 p - a wand of digging (5)
 q - a wand of iceblast (15)
 y - a wand of flame (20)
 H - a wand of paralysis (10)
Scrolls
 b - a scroll of blinking
 c - 2 scrolls of teleportation
 g - a scroll of vulnerability
 i - a scroll of fear
 k - a scroll of torment
 m - a scroll of enchant weapon
 x - 3 scrolls of magic mapping
 B - a scroll of summoning
 C - a scroll of identify
 N - a scroll of enchant armour
Potions
 d - a potion of cancellation
 e - a potion of magic {unknown}
 j - a potion of berserk rage {unknown}
 o - a potion of lignification
 r - 2 potions of curing {unknown}
 s - 4 potions of degeneration
 z - 4 potions of haste
 A - a potion of flight {unknown}
 D - 2 potions of ambrosia {unknown}
 E - a potion of attraction {unknown}
 F - a potion of mutation {unknown}
 I - 2 potions of brilliance
 O - a potion of heal wounds {unknown}


   Skills:
 + Level 5.4 Fighting
 * Level 13.1 Long Blades
 - Level 1.7 Armour
 - Level 1.7 Dodging
 + Level 8.1 Shields


You had 10 spell levels left.
You didn't know any spells.
Your spell library was empty.

Dungeon Overview and Level Annotations

Branches:
Dungeon (10/15)            Temple (0/1) D:7            Lair (0/6) D:10
    Orc (0/2) D:9         Ossuary (visited)

Altars:
Cheibriados
Gozag
Hepliaklqana
Nemelex Xobeh
Qazlal
Sif Muna
Uskayaw

Shops:
D:2 ?

Annotations:
D:10 Sonja


Innate Abilities, Weirdness & Mutations

You are a tree.
Your roots penetrate the ground, keeping you stationary.
You cannot be teleported.
You are immune to unholy pain and torment.
Your maximum health is greatly increased.
Your equipment is partially melded.
((You have sharp toenails.))
((You are mostly covered in large bone plates. (SH +6)))
A weak demonic guardian rushes to your aid.
A meltable shield of frost defends you. (SH +4)


Message History

You block Sonja's attack. Sonja hits you but does no damage.
You are more poisoned.
Your two-headed ogre misses Sonja.
Your two-headed ogre completely misses Sonja.
Unknown command.
Unknown command.
It was a potion of brilliance.
You feel clever all of a sudden.
* * * LOW HITPOINT WARNING * * *
You feel extremely sick. You block Sonja's attack. x3
Your two-headed ogre completely misses Sonja.
Your two-headed ogre hits Sonja with a +0 giant spiked club!
Sonja hits your two-headed ogre with a +2 dagger of venom.
Your two-headed ogre is poisoned.
Sonja hits your two-headed ogre with a +2 dagger of venom!
Your two-headed ogre looks as sick as possible!
Sonja hits your two-headed ogre with a +2 dagger of venom.
Unknown command.
Unknown command.
It was a potion of cancellation.
Your magical effects are unravelling.
You feel magically purged.
You feel yourself speed up.
You feel yourself slow down.
You feel a little less clever now.
* * * LOW HITPOINT WARNING * * *
You feel extremely sick.
Your two-headed ogre barely misses Sonja.
Your two-headed ogre closely misses Sonja.
Sonja barely misses your two-headed ogre. x2
Sonja hits your two-headed ogre with a +2 dagger of venom.
Your two-headed ogre looks as sick as possible!
Unknown command.
It was a potion of lignification.
You turn into a tree.
Your +2 cloak of willpower melds into your body.
Your +2 hat melds into your body.
Your +2 pair of boots melds into your body.
The +10 chain mail of Free Will {+Blink Str+5} melds into your body.
You feel less strong-willed.
Your roots penetrate the ground.
You die...

#..#####...# #............
#.......††.# #............
#......†...###............
#.........................
#.........#####...........
#..#......# #........###
#.........# #..(.....###
#.........# #........)).
#.......O♣# .......)).
#....####K# ..........
#.... #.' .......... #...
#.#. ########## #... ..#..
#.... ..# .. #.... ..# ...
#.... ...# ... #.... #....


You could see Sonja (ally target) and a friendly two-headed ogre (summoned,
berserk, extremely poisoned).

Vanquished Creatures
  Fannar (D:10)
  Erolcha (D:10)
  Harold (D:8)
  Joseph (D:9)
  2 hornets
  Prince Ribbit (D:8)
  15 yaks
  Eustachio (D:4)
  A wyvern (D:8)
  A warg (D:9)
  A water moccasin (D:7)
  An acid dragon (D:10)
  3 orc warriors
  An ice beast (D:3)
  3 black bears
  3 ogres
  A necrophage (D:7)
  5 bullfrogs
  2 kobold brigands
  A scorpion (D:5)
  4 killer bees (D:10)
  4 wights (D:9)
  2 bullfrog zombies
  A centaur zombie (D:6)
  2 human zombies (Ossuary)
  3 hounds
  An iron imp (D:3)
  Crazy Yiuf (D:2)
  A jelly (D:8)
  A gnoll shaman (D:9)
  6 orc priests
  2 bullfrog skeletons
  4 iguanas
  Natasha (thrice) (D:3)
  3 orc wizards
  2 mummies (Ossuary)
  A hound skeleton (D:4)
  A howler monkey zombie (D:9)
  Robin (D:2)
  8 adders
  4 gnolls (D:9)
  4 adder zombies (Ossuary)
  A worm (D:2)
  2 dart slugs
  25 orcs
  7 endoplasms
  2 giant cockroaches (D:2)
  14 hobgoblins
  4 jackals (D:4)
  A quokka (D:3)
  5 ball pythons
  5 bats
  A frilled lizard (D:3)
  17 goblins
  A goblin zombie (Ossuary)
  10 hobgoblin zombies (Ossuary)
  2 jackal zombies (Ossuary)
  15 kobolds
  10 kobold zombies (Ossuary)
  7 orc zombies (Ossuary)
  6 rats
  A rat zombie (Ossuary)
  A bush (D:2)
242 creatures vanquished.

Vanquished Creatures (collateral kills)
  A human (D:9)
  2 yaks (D:10)
  A warg (D:9)
  2 orc warriors (D:9)
  A centaur (D:9)
  2 wights (D:9)
  3 orc priests (D:9)
  3 orc wizards (D:9)
  A dart slug (D:2)
  8 orcs
24 creatures vanquished.

Vanquished Creatures (others)
  An orc wizard (D:9)
  2 kobolds (D:10)
  A fungus (D:2)
4 creatures vanquished.

Grand Total: 270 creatures vanquished

Notes
Turn   | Place    | Note
-------+----------+-------------------------------------------
     0 | D:1      | Kinoniko the Demonspawn Berserker began the quest for the
                  | Orb.
     0 | D:1      | Reached XP level 1. HP: 18/18 MP: 1/1
    68 | D:1      | Reached skill level 3 in Long Blades
   275 | D:1      | Gained mutation: A weak demonic guardian rushes to your
                  | aid. [demonic ancestry]
   275 | D:1      | Reached XP level 2. HP: 24/24 MP: 2/2
  1006 | D:1      | Found a faded altar of an unknown god.
  1400 | D:2      | Noticed Robin
  1403 | D:2      | Reached ** piety under Trog
  1404 | D:2      | Gained mutation: You have sharp toenails. [demonic
                  | ancestry]
  1404 | D:2      | Reached XP level 3. HP: 26/29 MP: 3/3
  1408 | D:2      | Killed Robin
  1409 | D:2      | Reached skill level 4 in Long Blades
  1783 | D:2      | Reached XP level 4. HP: 29/35 MP: 4/4
  2117 | D:2      | Found Xuegihipp's Magic Scroll Shop.
  2120 | D:2      | Bought a scroll of enchant weapon for 97 gold pieces
  2120 | D:2      | Bought a scroll of identify for 26 gold pieces
  2121 | D:2      | Identified a scroll of acquirement
  2122 | D:2      | Acquired the +10 chain mail of Free Will {+Blink Str+5}
  2703 | D:2      | Found a runed translucent door.
  2704 | D:2      | Noticed Crazy Yiuf
  2712 | D:2      | Killed Crazy Yiuf
  2713 | D:2      | Reached skill level 5 in Long Blades
  3003 | D:3      | Gained mutation: You are partially covered in large bone
                  | plates. (SH +4) [demonic ancestry]
  3003 | D:3      | Reached XP level 5. HP: 41/41 MP: 5/5
  3103 | D:3      | Noticed Natasha
  3110 | D:3      | Killed Natasha
  3121 | D:3      | Noticed Natasha
  3128 | D:3      | Killed Natasha
  3135 | D:3      | Noticed Natasha
  3146 | D:3      | Killed Natasha
  3384 | D:3      | Reached *** piety under Trog
  3388 | D:3      | Reached skill level 6 in Long Blades
  3468 | D:3      | Found a hazy altar of Hepliaklqana.
  3520 | D:3      | Found a snail-covered altar of Cheibriados.
  3530 | D:3      | Reached XP level 6. HP: 47/47 MP: 6/6
  3552 | D:3      | Noticed an ice beast
  3559 | D:3      | Killed an ice beast
  3688 | D:4      | Reached skill level 7 in Long Blades
  3986 | D:4      | Gained mutation: You are mostly covered in large bone
                  | plates. (SH +6) [demonic ancestry]
  3986 | D:4      | Reached XP level 7. HP: 52/52 MP: 7/7
  4086 | D:4      | Found an opulent altar of Gozag.
  4136 | D:4      | Noticed Eustachio
  4148 | D:4      | Killed Eustachio
  4149 | D:4      | Reached skill level 1 in Shields
  4255 | D:5      | Entered Level 5 of the Dungeon
  4568 | D:5      | Reached skill level 8 in Long Blades
  4694 | D:5      | Found a stormy altar of Qazlal.
  4976 | D:5      | Reached XP level 8. HP: 58/58 MP: 8/8
  5425 | D:6      | Reached **** piety under Trog
  5610 | D:6      | Found a hide-covered altar of Uskayaw.
  5643 | D:6      | Reached skill level 9 in Long Blades
  6047 | D:6      | Reached skill level 10 in Long Blades
  6047 | D:6      | Gained mutation: A meltable shield of frost defends you.
                  | (SH +4) [demonic ancestry]
  6047 | D:6      | Reached XP level 9. HP: 63/63 MP: 9/9
  6333 | D:7      | Found a sand-covered staircase.
  6348 | Ossuary  | Entered an ossuary
  6419 | Ossuary  | Reached ***** piety under Trog
  6555 | Ossuary  | Reached skill level 5 in Shields
  6585 | D:7      | Found a staircase to the Ecumenical Temple.
  6724 | D:7      | Identified the +1 leather armour of the Accordion {Fly}
  7019 | D:7      | Found a sparkling altar of Nemelex Xobeh.
  7125 | D:8      | Reached skill level 11 in Long Blades
  7222 | D:8      | Noticed Prince Ribbit
  7229 | D:8      | Killed Prince Ribbit
  7250 | D:8      | Identified the +3 plate armour of Varriafu {*Corrode rF+
                  | rN+ Stlth+}
  7413 | D:8      | Noticed Harold
  7437 | D:8      | Killed Harold
  7438 | D:8      | Reached XP level 10. HP: 59/70 MP: 8/10
  7577 | D:8      | Reached skill level 12 in Long Blades
  7729 | D:8      | Identified the +1 leather armour of Hedge Wizardry {Fly
                  | rCorr Str-2 Slay+3}
  7954 | D:9      | Identified the +4 short sword "Sateuhet" {flame, rPois
                  | Dex+6} (Trog gifted it to you on level 9 of the Dungeon)
  7954 | D:9      | Received a gift from Trog
  8162 | D:9      | Found a staircase to the Orcish Mines.
  8267 | D:9      | Noticed Joseph
  8293 | D:9      | Killed Joseph
  8362 | D:9      | Found a shimmering blue altar of Sif Muna.
  8826 | D:10     | Entered Level 10 of the Dungeon
  8826 | D:10     | Noticed Erolcha
  8826 | D:10     | Found a staircase to the Lair.
  8832 | D:10     | Killed Erolcha
  8968 | D:10     | Reached XP level 11. HP: 76/78 MP: 11/11
  9181 | D:10     | Reached skill level 5 in Fighting
  9273 | D:10     | Noticed Fannar
  9290 | D:10     | Killed Fannar
  9291 | D:10     | Reached skill level 13 in Long Blades
  9472 | D:10     | Noticed Sonja
  9660 | D:10     | HP: 1/80 [poisoned by Sonja]
  9661 | D:10     | Succumbed to Sonja's poison

Illustrated notes

Levels and vault maps discovered:
D:1:      dpeg_arrival_erosion, layout_basic, basic_ecumenical_altar
D:2:      layout_basic, serial_shops, nicolae_shop_statue_plus,
          uniq_crazy_yiuf_cottage, uniq_robin
D:3:      layout_rooms, mainiacjoe_overflow_small_starburst, slow_altar_2,
          minmay_misc_feat_hallway, uniq_natasha
D:4:      layout_rooms, mainiacjoe_overflow_six_doors_small, uniq_eustachio
D:5:      layout_basic, overflow_temple_1_default
D:6:      layout_cave_pods, mainiacjoe_overflow_surrounded_room
D:7:      layout_cave_pools, kennysheep_mini, minmay_temple_entry_glass,
          enter_ossuary_3
D:8:      layout_cave_pools, lemuel_flame_loot_1, uniq_prince_ribbit1,
          uniq_harold
D:9:      layout_loops_ring, mainiacjoe_overflow_alcove_1, erik_orc_4,
          kennysheep_generic_room_4, uniq_joseph
D:10:     layout_stronghold, lair_entry_dummy, corexii_leaking_fountain,
          uniq_erolcha, uniq_erica, uniq_sonja, uniq_fannar

Skill      XL: |  1  2  3  4  5  6  7  8  9 10 11 |
---------------+----------------------------------+-----
Long Blades    | 3 4 5 6 7 8 10 11 12 13 | 13.1
Shields        | 2 4 6 7 8 |  8.1
Fighting       | 4 5 |  5.4
Armour         | |  1.7
Dodging        | |  1.7

Action                   |  1- 3 |  4- 6 |  7- 9 | 10-12 || total
-------------------------+-------+-------+-------+-------++-------
Melee: Falchion          |    83 |   191 |   110 |       ||   384
       Kick              |    10 |    87 |   118 |       ||   215
       Long sword        |       |       |   202 |   248 ||   450
Invok: Berserk           |     2 |     7 |     6 |     7 ||    22
       Brothers in Arms  |       |       |       |     4 ||     4
       Trog's Hand       |       |       |       |     1 ||     1
  Use: Scroll            |       |     3 |    13 |     7 ||    23
       Potion            |       |       |       |     4 ||     4
 Stab: Distracted        |       |       |     1 |       ||     1
Armor: Animal skin       |     8 |       |       |       ||     8
       Scale mail        |    27 |     2 |       |       ||    29
       Chain mail        |       |    66 |    98 |    64 ||   228
Dodge: Dodged            |    45 |    34 |    67 |    22 ||   168
Block: Other             |       |    11 |       |       ||    11
       Buckler           |       |     6 |   144 |       ||   150
       Kite shield       |       |       |    11 |   279 ||   290
       Rpst.: Falchion   |    11 |    11 |    15 |       ||    37
       Long sword        |       |       |    11 |     7 ||    18
